 Dungeon Crawl Stone Soup version 0.29.1-12-g30fa7ad0bf (webtiles) character file.

Game seed: 6921839994226472998

1 CaptainMV the Changer (level 1, -2/13 HPs)
             Began as a Demonspawn Wanderer on Dec 21, 2022.
             Slain by a hobgoblin (4 damage)
             ... on level 1 of the Dungeon.
             The game lasted 00:00:39 (55 turns).

CaptainMV the Changer (Demonspawn Wanderer)           Turns: 55, Time: 00:00:41

Health: -2/13      AC:  2    Str: 10    XL:     1   Next: 16%
Magic:  3/3        EV:  7    Int: 16    God:
Gold:   0          SH:  4    Dex: 11    Spells: 4/4 levels left

rFire   . . .      SeeInvis .   a - +0 dagger
rCold   . . .      Faith    .   d - +0 buckler
rNeg    . . .      Spirit   .   c - +0 robe
rPois   .          Reflect  .   (no helmet)
rElec   .          Harm     .   (no cloak)
rCorr   .          Rampage  .   (no gloves)
Will    .....                   (no boots)
Stlth   +.........              (no amulet)
HPRegen 0.04/turn               (no ring)
MPRegen 0.08/turn               (no ring)

@: constricted
A: no striking features
a: no special abilities


You were on level 1 of the Dungeon.
You visited 1 branch of the dungeon, and saw 1 of its levels.

Inventory:

Hand Weapons
 a - a +0 dagger (weapon)
Armour
 c - a +0 robe (worn)
 d - a +0 buckler (worn)
Potions
 b - a potion of curing


   Skills:
 + Level 1.0 Armour
 + Level 1.7 Shields
 + Level 2.0 Spellcasting
 + Level 2.8 Transmutations
 + Level 1.2 Invocations
 + Level 1.0 Evocations


You had 4 spell levels left.
You didn't know any spells.
Your spell library contained the following spells:

 Spells                   Type           Power      Damage    Failure   Level
 Beastly Appendage        Tmut           20%        N/A       9%          1
 Slow                     Hex            4%         N/A       26%         1
 Spider Form              Tmut/Pois      6%         N/A       43%         3
 Inner Flame              Hex/Fire       1%         N/A       63%         3
 Ice Form                 Ice/Tmut       6%         N/A       83%         4


Dungeon Overview and Level Annotations

Branches:
Dungeon (1/15)

Altars:


Message History

Welcome, CaptainMV the Demonspawn Wanderer.
You feel drawn to the Orb of Zot, downwards into the unfathomable depths...
Press ? for a list of commands and other information.
Found an escape hatch in the floor.
Found a staircase leading out of the dungeon.
You begin with the following items: a +0 dagger, a potion of curing, a +0 robe, a +0 buckler; and the following spells available to memorise: Beastly Appendage, Slow, Spider Form, Inner Flame, Ice Form.
You open the large door.
There is a large open door here.
An endoplasm comes into view.
A ball python and 2 hobgoblins come into view.
A giant cockroach and a hobgoblin come into view.
The endoplasm quivers.
The hobgoblin shouts!
The ball python hisses angrily.
The hobgoblin shouts!
You block the endoplasm's attack.
You hit the endoplasm.
The endoplasm is heavily wounded.
The endoplasm barely misses you. You block the ball python's attack.
The ball python grabs you. The ball python constricts you.
You hit the endoplasm.
The endoplasm is severely wounded.
The ball python bites you. The ball python constricts you.
The endoplasm barely misses you. The hobgoblin hits you.
You hit the endoplasm.
You kill the endoplasm!
The giant cockroach waves its antennae.
The giant cockroach bites you.
The ball python bites you but does no damage.
The ball python constricts you.
The hobgoblin hits you but does no damage.
The giant cockroach bites you but does no damage.
You hit the ball python but do no damage.
The ball python bites you.
* * * LOW HITPOINT WARNING * * *
The ball python constricts you. The giant cockroach bites you.
* * * LOW HITPOINT WARNING * * *
The hobgoblin closely misses you. The hobgoblin hits you.
You die...

.## ####### ..
#...... . #.
#.####. #g# ##.##
#.# #.
...##...#########.#
#.
#..g.#...........#
#. ##...#########.#
## #.gg..##### #...
#..@....... ..#.#
#.B.S.##### #...###
#........ .......
#.....#### ##.####
.....## .# .......
.######. #. .#


You could see a giant cockroach, 3 hobgoblins and a ball python.

Vanquished Creatures
  An endoplasm (D:1)
1 creature vanquished.

Notes
Turn   | Place    | Note
-------+----------+-------------------------------------------
     0 | D:1      | CaptainMV the Demonspawn Wanderer began the quest for the
                  | Orb.
     0 | D:1      | CaptainMV set off with the following items: a +0 dagger, a
                  | potion of curing, a +0 robe, a +0 buckler; and the
                  | following spells available to memorise: Beastly Appendage,
                  | Slow, Spider Form, Inner Flame, Ice Form.
     0 | D:1      | Reached XP level 1. HP: 13/13 MP: 3/3
    55 | D:1      | Slain by a hobgoblin

Illustrated notes

Levels and vault maps discovered:
D:1:      lightli_molten_gateway, layout_loops_ring,
          hellmonk_ecumenical_altar_watching_god,
          hangedman_abyss_or_decor_lesser_grid, minmay_hexomino_f4

Action                   || total
-------------------------++-------
Melee: Dagger            ||     4
Armor: Robe              ||     3
Dodge: Dodged            ||     3
Block: Buckler           ||     2
